 Dungeon Crawl Stone Soup version 0.32-a0-433-g08bcfe7efd (webtiles) character file.

Game seed: 13652409876204429704

2 ragingrage the Grasshopper (level 1, 0/16 HPs)
             Began as a Coglin Warper on Feb 23, 2024.
             Slain by a hobgoblin (4 damage)
             ... on level 1 of the Dungeon.
             The game lasted 00:00:10 (24 turns).

ragingrage the Grasshopper (Coglin Warper)            Turns: 24, Time: 00:00:11

Health: 0/16       AC:  3    Str: 11    XL:     1   Next: 40%
Magic:  3/3        EV: 11    Int: 12    God:
Gold:   0          SH:  0    Dex: 13    Spells: 3/3 levels left

rFire   . . .        a - +0 falchion {Anan}
rCold   . . .        (no shield)
rNeg    . . .        b - +0 leather armour
rPois   .            (no helmet)
rElec   .            (no cloak)
rCorr   .            (no gloves)
SInv    .            (no boots)
Will    .....        (no amulet)
Stlth   +            (no ring)
HPRegen 0.22/turn    (no ring)
MPRegen 0.08/turn

%: no passive effects
@: immotile, revved
A: off-hand wielding, slow wielding, warmup strikes, legs shutdown
a: no special abilities


You were on level 1 of the Dungeon.
You visited 1 branch of the dungeon, and saw 1 of its levels.

Inventory:

Hand Weapons
 a - a +0 falchion (weapon) {Anan}
Missiles
 d - 7 darts of dispersal (quivered)
Armour
 b - a +0 leather armour (worn)
Scrolls
 c - a scroll of blinking


   Skills:
 - Level 2.0 Fighting
 + Level 2.2 Long Blades
 - Level 0.8 Throwing
 - Level 0.8 Armour
 - Level 1.7 Dodging
 - Level 1.7 Spellcasting
 - Level 3.0 Translocations


You had 3 spell levels left.
You didn't know any spells.
Your spell library contained the following spells:

 Spells                   Type           Power      Damage    Failure   Level
 Blink                    Tloc           16%        N/A       16%         2
 Lesser Beckoning         Tloc           16%        N/A       16%         2
 Teleport Other           Tloc           8%         N/A       32%         3
 Manifold Assault         Tloc           8%         N/A       71%         4
 Vhi's Electric Charge    Tloc/Air       8%         N/A       89%         4


Dungeon Overview and Level Annotations

Branches:
Dungeon (1/15)

Altars:


Innate Abilities, Weirdness & Mutations

You can wield a second weapon in your off-hand.
It takes a long time for you to wield or remove held weapons.
Your first few attacks do less damage.
Attacking and casting redirects power from your legs.


Message History

It is said that the Orb of Zot exists deep within this dungeon.
Found a staircase leading out of the dungeon.
Setting a skill training target for Long Blades at 14.0.
Unknown command.
A goblin comes into view. It is wielding a +0 club.
The goblin shouts!
You hear a shout!
A hobgoblin comes into view.
You slash the fungus!
The fungus begins to die.
You cannot move.
You hit the fungus. The goblin hits you with a +0 club.
You barely miss the goblin.
A nearby fungus withers and dies.
The goblin hits you but does no damage.
You hit the goblin. The hobgoblin hits you.
The goblin hits you but does no damage.
You closely miss the goblin. The hobgoblin misses you.
The goblin closely misses you. The hobgoblin closely misses you.
The goblin misses you.
You hit the goblin.
The hobgoblin hits you but does no damage.
The goblin barely misses you.
You hit the goblin.
You kill the goblin!
The hobgoblin barely misses you.
You closely miss the hobgoblin. The hobgoblin barely misses you.
You hit the hobgoblin. The hobgoblin closely misses you.
A hobgoblin comes into view.
You barely miss the hobgoblin.
The hobgoblin shouts!
The hobgoblin hits you but does no damage.
The hobgoblin hits you.
You hit the hobgoblin.
You kill the hobgoblin!
You closely miss the hobgoblin. The hobgoblin closely misses you.
You hit the hobgoblin. The hobgoblin barely misses you.
You closely miss the hobgoblin. The hobgoblin hits you.
You hit the hobgoblin but do no damage. The hobgoblin hits you.
You hit the hobgoblin but do no damage. The hobgoblin hits you.
* * * LOW HITPOINT WARNING * * *
The hobgoblin hits you.
You die...

#.#..# #.#..##
...... .####
#.#..###
.............
.#..P.♣P...##
......♣g)....##
#.♣....♣@.....#
....P........♣..
...♣.P...P...♣..
............P.P#
....P.....P.....
.......<........
.P..P.....P....#
♣............♣P#
.....P...P......


You could see a hobgoblin.

Vanquished Creatures
  A goblin (D:1)
  A hobgoblin (D:1)
2 creatures vanquished.

Notes
Turn   | Place    | Note
-------+----------+-------------------------------------------
     0 | D:1      | ragingrage the Coglin Warper began the quest for the Orb.
     0 | D:1      | Reached XP level 1. HP: 16/16 MP: 3/3
    24 | D:1      | Slain by a hobgoblin

Illustrated notes

Levels and vault maps discovered:
D:1:      wander_arrival_fairy_ring, layout_basic, minmay_cupped

Action                     || total
---------------------------++-------
  Melee: Falchion          ||    16
 Armour: Leather armour    ||    11
  Dodge: Dodged            ||    10

Table legend: (Time is in decaauts)
 A = Elapsed time spent in this place.
 B = Non-inter-level travel time spent in this place.
 C = Inter-level travel time spent in this place.
 D = Time resting spent in this place.
 E = Time spent auto-exploring this place.
 F = Levels seen in this place.
 G = Mean time per level.
                   A        B        C        D        E       F      G
               +--------+--------+--------+--------+--------+-----+--------+
         Total |     26 |     26 |      0 |      0 |      4 |   1 |   26.0 |
       Dungeon |     26 |     26 |      0 |      0 |      4 |   1 |   26.0 |
               +--------+--------+--------+--------+--------+-----+--------+

Top non-repeatable levels by time:
     D:1: 26 daAuts
